 Dungeon Crawl Stone Soup version 0.27.0-1-g7a089689b8 (webtiles) character file.

Game seed: 12331771403809857562

881 night the Stinger (level 8, -13/50 HPs)
             Began as a Gargoyle Venom Mage on Aug 2, 2021.
             Was an Initiate of Gozag.
             Mangled by a two-headed ogre (23 damage)
             ... on level 5 of the Dungeon.
             The game lasted 00:10:07 (5281 turns).

night the Stinger (Gargoyle Venom Mage)             Turns: 5281, Time: 00:10:08

Health: -13/50     AC: 12    Str: 13    XL:     8   Next: 5%
Magic:  1/15       EV: 11    Int: 17    God:    Gozag
Gold:   150        SH:  0    Dex: 10    Spells: 7/17 levels left

rFire    . . .     SeeInvis .   j - +2 quarterstaff (vorpal)
rCold    . . .     Faith    .   (shield currently unavailable)
rNeg     + . .     Spirit   .   a - +0 robe
rPois    ∞         Reflect  .   w - +0 helmet
rElec    +         Harm     .   q - +0 cloak
rCorr    .         Rampage  .   (no gloves)
Will     .....                  h - +2 pair of boots
Stlth    ++........             (no amulet)
HPRegen  0.16/turn              (no ring)
MPRegen  0.14/turn              (no ring)

@: very slightly contaminated
A: sickness immunity, AC +5, negative energy resistance 1, electricity
resistance, torment resistance 1, petrification resistance
a: Renounce Religion, Potion Petition, Call Merchant, Bribe Branch


You were on level 5 of the Dungeon.
You worshipped Gozag.
Gozag was aware of your devotion.
You visited 2 branches of the dungeon, and saw 6 of its levels.

You collected 209 gold pieces.
You paid 59 gold pieces to Gozag.

Inventory:

Hand Weapons
 b - a +0 dagger
 j - a +2 vorpal quarterstaff (weapon)
 t - a +3 whip
 v - a +3 flail of holy wrath
 z - a +0 shortbow
Missiles
 c - 7 javelins
 g - a throwing net
 i - 99 stones
 o - 31 bolts
 p - 86 sling bullets
 u - 26 poisoned darts
 A - 6 datura-tipped darts
Armour
 a - a +0 robe (worn)
 h - a +2 pair of boots (worn)
 q - a +0 cloak (worn)
 w - a +0 helmet (worn)
Jewellery
 l - an amulet of the acrobat
Wands
 B - a wand of charming (3)
Scrolls
 n - a scroll of magic mapping
 x - a scroll of enchant weapon {unknown}
 y - a scroll of blinking {unknown}
Potions
 d - 2 potions of flight {unknown}
 e - 2 potions of cancellation
 f - a potion of invisibility {unknown}
 k - a potion of degeneration {unknown}
 m - 2 potions of haste
 r - 3 potions of curing
 s - a potion of attraction {unknown}


   Skills:
 + Level 5.4 Fighting
 - Level 1.5 Dodging
 - Level 2.1 Stealth
 + Level 5.0 Spellcasting
 - Level 0.7 Transmutations
 + Level 5.9 Poison Magic


You had 7 spell levels left.
You knew the following spells:

 Your Spells              Type           Power      Damage    Failure   Level
a - Sting                 Tmut/Pois      60%        1d6       3%          1
b - Poisonous Vapours     Pois/Air       28%        N/A       6%          2
c - Mephitic Cloud        Conj/Pois/Air  10%        N/A       19%         3
d - Olgreb's Toxic Radia  Pois           24%        N/A       12%         4

Your spell library contained the following spells:

 Spells                   Type           Power      Damage    Failure   Level
 Beastly Appendage        Tmut           12%        N/A       11%         1
 Spider Form              Tmut/Pois      7%         N/A       11%         3
 Shock                    Conj/Air       16%        1d4       14%         1
 Wereblood                Tmut           6%         N/A       16%         2
 Blink                    Tloc           N/A        N/A       22%         2
 Swiftness                Air            4%         N/A       38%         3
 Airstrike                Air            2%         N/A       80%         4
 Manifold Assault         Tloc           4%         N/A       98%         5
 Storm Form               Tmut/Air       2%         N/A       100%        7


Dungeon Overview and Level Annotations

Branches:
Dungeon (5/15)             Temple (1/1) D:5

Altars:
Ashenzari
Cheibriados
Dithmenos
Elyvilon
Fedhas
Gozag
Hepliaklqana
Kikubaaqudgha
Makhleb
Nemelex Xobeh
Qazlal
Ru
Sif Muna
Trog
Uskayaw
Vehumet
Wu Jian
Xom
Yredelemnul
Zin
The Shining One


Innate Abilities, Weirdness & Mutations

You are immune to sickness and miasma.
Your stone body is resilient. (AC +5)
You are immune to poison.
You resist negative energy. (rN+)
You are resistant to electric shocks. (rElec)
You are resistant to unholy torment.
You are immune to petrification.


Message History

Confirm with . or Enter, or press ? or * to list all spells.
Aiming: Mephitic Cloud (dangerous; 19% risk of failure)
Press: ? - help, Shift-Dir - straight line You miscast Mephitic Cloud.
There is a short, sharp shower of sparks.
You resist.
Casting: Mephitic Cloud (dangerous; 19% risk of failure)
Confirm with . or Enter, or press ? or * to list all spells.
Aiming: Sting (safe; 3% risk of failure)
Press: ? - help, Shift-Dir - straight line, f - two-headed ogre
Aim: a two-headed ogre, wielding a +0 giant club and a +0 giant spiked club (moderately wounded, poisoned, 88% to hit)
The sting hits the two-headed ogre but does no damage.
The two-headed ogre looks even sicker.
The two-headed ogre is moderately wounded.
Found a scroll labelled ZOK QEWEHEALO.
Casting: Sting (safe; 3% risk of failure)
Confirm with . or Enter, or press ? or * to list all spells.
Aiming: Mephitic Cloud (dangerous; 19% risk of failure)
Press: ? - help, Shift-Dir - straight line, f/p - two-headed ogre
Aim: a two-headed ogre, wielding a +0 giant club and a +0 giant spiked club (moderately wounded, poisoned, chance to affect: 53%)
The ball explodes into a vile cloud!
The stinking cloud engulfs the two-headed ogre but does no damage.
The two-headed ogre is moderately wounded.
The stinking cloud engulfs you but does no damage.
The two-headed ogre is engulfed in noxious fumes.
The two-headed ogre hits you with a +0 giant club!
The two-headed ogre barely misses you.
You hit the two-headed ogre.
The two-headed ogre is heavily wounded.
The two-headed ogre is engulfed in noxious fumes.
The two-headed ogre closely misses you.
The two-headed ogre hits you with a +0 giant spiked club!
You hit the two-headed ogre.
The two-headed ogre is heavily wounded.
The two-headed ogre is engulfed in noxious fumes.
The two-headed ogre hits you with a +0 giant club!!
* * * LOW HITPOINT WARNING * * *
The two-headed ogre hits you with a +0 giant spiked club!!
You die...
Your body crumbles into a pile of gold.

..........# ... #..# ..
#####..# . .. #....#.# ?. #.
#....#.# ...#..#....#.#
......#..###.##
.............#...# #..#
#......#...#....@## #..#
#.............#.○O###..#
#.....#.#......#.○.....##
#............#.#........#
#....#.⌠.#...#.#.##...#.######
...#.......#.................#
.#...⌠.>.⌠...#...............#
...#.......#.................#
.....#.⌠.#...................#


You could see a two-headed ogre (poisoned).

Vanquished Creatures
  Edmund (D:4)
  A water moccasin (D:4)
  A sky beast (D:5)
  An ogre (D:3)
  3 scorpions
  A wyvern skeleton (D:5)
  2 hounds
  An iguana (D:4)
  Robin (D:4)
  3 gnolls
  2 adders (D:4)
  A white imp (D:5)
  A worm (D:3)
  A dart slug (D:3)
  2 orcs
  10 ball pythons
  2 bats
  3 endoplasms
  3 giant cockroaches
  9 hobgoblins
  4 jackals
  5 quokkas
  A frilled lizard (D:3)
  19 goblins
  7 kobolds
  5 rats
90 creatures vanquished.

Vanquished Creatures (others)
  A fungus (D:2)
  59 plants (D:2)
60 creatures vanquished.

Grand Total: 150 creatures vanquished

Notes
Turn   | Place    | Note
-------+----------+-------------------------------------------
     0 | D:1      | night the Gargoyle Venom Mage began the quest for the Orb.
     0 | D:1      | Reached XP level 1. HP: 10/10 MP: 3/3
   249 | D:1      | You fall into a shaft and drop 1 floor!
   470 | D:2      | Reached XP level 2. HP: 11/16 MP: 0/5
   497 | D:2      | Learned a level 2 spell: Poisonous Vapours
   597 | D:2      | Reached skill level 1 in Fighting
   821 | D:2      | Reached XP level 3. HP: 20/20 MP: 0/6
   825 | D:2      | Learned a level 3 spell: Mephitic Cloud
   901 | D:2      | Found a radiant altar of Vehumet.
  1893 | D:2      | Found a faded altar of an unknown god.
  2429 | D:3      | Reached skill level 2 in Fighting
  2485 | D:3      | Reached XP level 4. HP: 26/26 MP: 3/8
  2761 | D:3      | Noticed an ogre
  2800 | D:3      | Killed an ogre
  2801 | D:3      | Reached XP level 5. HP: 27/32 MP: 3/9
  2853 | D:3      | Learned a level 4 spell: Olgreb's Toxic Radiance
  3169 | D:3      | Reached XP level 6. HP: 37/37 MP: 6/11
  3795 | D:4      | Noticed Edmund
  3795 | D:4      | Noticed a water moccasin
  3818 | D:4      | Killed a water moccasin
  4031 | D:4      | Killed Edmund
  4032 | D:4      | Reached skill level 5 in Poison Magic
  4032 | D:4      | Reached XP level 7. HP: 29/44 MP: 4/13
  4150 | D:4      | Noticed Robin
  4174 | D:4      | Killed Robin
  4789 | D:5      | Entered Level 5 of the Dungeon
  4789 | D:5      | Found a staircase to the Ecumenical Temple.
  4813 | D:5      | Reached skill level 5 in Fighting
  4995 | D:5      | Reached XP level 8. HP: 36/49 MP: 7/15
  5042 | D:5      | Reached skill level 5 in Spellcasting
  5067 | Temple   | Entered the Ecumenical Temple
  5169 | Temple   | Became a worshipper of Gozag Ym Sagoz the Greedy
  5260 | D:5      | Noticed a two-headed ogre
  5281 | D:5      | Mangled by a two-headed ogre

Illustrated notes

Levels and vault maps discovered:
D:1:      dpeg_arrival_connections, layout_loops_ring, minmay_misc_feat_x
D:2:      wad_woods_stonehenge, layout_basic,
          shapermc_ecumenical_altar_acropolis
D:3:      minmay_bubble_buster, layout_basic
D:4:      layout_cave_pools, uniq_robin, uniq_edmund
D:5:      layout_rooms, mainiacjoe_overflow_chevrons,
          minmay_temple_entry_sparse_star
Temple:   dpeg_three_leaves_temple

Skill      XL: |  1  2  3  4  5  6  7  8 |
---------------+-------------------------+-----
Fighting       | 1 2 3 4 5 |  5.4
Spellcasting   | 3 4 5 |  5.0
Poison Magic   | 4 5 |  5.9
Dodging        | |  1.5
Stealth        | |  2.1
Transmutations | |  0.7

Action                   |  1- 3 |  4- 6 |  7- 9 || total
-------------------------+-------+-------+-------++-------
Melee: Dagger            |     3 |       |       ||     3
       Quarterstaff      |    20 |    20 |    42 ||    82
       Whip              |       |    21 |       ||    21
 Cast: Sting             |    26 |    12 |    11 ||    49
       Poisonous Vapours |    14 |    28 |    10 ||    52
       Olgreb's Toxic Ra |       |     1 |     4 ||     5
       Mephitic Cloud    |       |       |     2 ||     2
  Use: Scroll            |     2 |     7 |       ||     9
 Stab: Sleeping          |     3 |       |     1 ||     4
Armor: Robe              |     3 |    15 |    30 ||    48
Dodge: Dodged            |    17 |    20 |    34 ||    71
